[ AOE2 MATCH · #504658625 ]
UnrankedShu vs Malay
Player's team · WIN
Rival team · LOSS
[ REPLAY ANALYSIS · EXTRACTED FROM THE RECORDED GAME ]
Feudal
17:09
Castle
—
Imperial
—
| APM avg | 60.7 |
| APM peak | 82 |
| eAPM avg | 25.0 |
| Villagers / military | 46 / 0 |
Focus
⚔️ 27.6% · 🌾 72.4%
Feudal
11:02
Castle
—
Imperial
—
| APM avg | 42.4 |
| APM peak | 97 |
| eAPM avg | 16.8 |
| Villagers / military | 30 / 0 |
Focus
⚔️ 16.5% · 🌾 83.5%
Match map
Initial resources + every placement click. Lines = walls · curves = elevation contours. ◆ gold · ⬟ stone · ● berries · ✦ relic · ◌ wall gap
Your base· Open — unwalled flank
Yukasha's base· Open — unwalled flank
Smoothed initial terrain · ◌ = detected wall gap · hover for details
Inputs per minute
— MztK | FeNiX - - Yukasha
Build order — MztK | FeNiX
76 actions detected in the replay
| 0:00 | Queue | Villager (Male) |
| 0:02 | Build | House |
| 0:02 | Build | House |
| 0:26 | Queue | Villager (Male) |
| 0:26 | Queue | Villager (Male) |
| 0:26 | Queue | Villager (Male) |
| 1:25 | Queue | Villager (Male) |
| 1:45 | Build | Lumber Camp |
| 1:49 | Build | Lumber Camp |
| 1:58 | Queue | Villager (Male) |
| 1:59 | Queue | Villager (Male) |
| 2:23 | Queue | Villager (Male) |
| 2:40 | Queue | Villager (Male) |
| 2:40 | Queue | Villager (Male) |
| 3:19 | Queue | Villager (Male) |
| 3:19 | Queue | Villager (Male) |
| 3:19 | Queue | Villager (Male) |
| 3:48 | Build | House |
| 3:51 | Queue | Villager (Male) |
| 3:54 | Queue | Villager (Male) |
| 3:54 | Queue | Villager (Male) |
| 4:09 | Research | Loom |
| 4:09 | Research | Loom |
| 4:13 | Queue | Villager (Male) |
| 4:13 | Queue | Villager (Male) |
| 4:24 | Queue | Villager (Male) |
| 4:24 | Queue | Villager (Male) |
| 5:23 | Queue | Villager (Male) |
| 5:24 | Queue | Villager (Male) |
| 5:30 | Build | House |
| 6:15 | Queue | Villager (Male) |
| 6:15 | Queue | Villager (Male) |
| 6:16 | Queue | Villager (Male) |
| 6:28 | Queue | Villager (Male) |
| 6:31 | Build | House |
| 7:18 | Queue | Villager (Male) |
| 7:18 | Queue | Villager (Male) |
| 7:34 | Queue | Villager (Male) |
| 7:55 | Queue | Villager (Male) |
| 8:04 | Queue | Villager (Male) |
| 9:53 | Build | Town Center |
| 10:07 | Build | Palisade Gate |
| 10:32 | Build | Mill |
| 10:56 | Queue | Villager (Male) |
| 10:57 | Queue | Villager (Male) |
| 11:26 | Queue | Villager (Male) |
| 11:29 | Build | Mill |
| 11:41 | Build | House |
| 12:00 | Queue | Villager (Male) |
| 12:01 | Queue | Villager (Male) |
| 12:12 | Build | House |
| 12:39 | Queue | Villager (Male) |
| 12:39 | Queue | Villager (Male) |
| 12:48 | Queue | Villager (Male) |
| 12:48 | Queue | Villager (Male) |
| 12:48 | Queue | Villager (Male) |
| 13:02 | Build | House |
| 13:21 | Queue | Villager (Male) |
| 13:21 | Queue | Villager (Male) |
| 13:22 | Queue | Villager (Male) |
| 13:34 | Build | Palisade Wall |
| 13:38 | Build | Palisade Wall |
| 13:50 | Queue | Villager (Male) |
| 14:28 | Build | Palisade Gate |
| 14:30 | Build | House |
| 14:39 | Build | Palisade Gate |
| 14:41 | Build | Palisade Gate |
| 14:46 | Build | Palisade Gate |
| 14:59 | Research | Feudal Age |
| 14:59 | Research | Feudal Age |
| 15:51 | Build | Mining Camp |
| 16:15 | Build | Outpost |
| 16:17 | Build | Outpost |
| 17:09 | Age | Feudal Age |
| 17:10 | Queue | Villager (Male) |
| 17:18 | Build | Blacksmith |
Build order — Yukasha
69 actions detected in the replay
| 0:00 | Queue | Villager (Male) ×4 |
| 0:02 | Build | House |
| 0:03 | Build | House |
| 1:23 | Queue | Villager (Male) |
| 1:51 | Build | Lumber Camp |
| 1:54 | Queue | Villager (Male) |
| 2:11 | Queue | Villager (Male) |
| 2:42 | Queue | Villager (Male) |
| 3:00 | Queue | Villager (Male) |
| 3:19 | Build | House |
| 3:31 | Queue | Villager (Male) |
| 3:57 | Queue | Villager (Male) |
| 4:19 | Queue | Villager (Male) |
| 4:27 | Build | Mill |
| 4:41 | Queue | Villager (Male) |
| 5:06 | Queue | Villager (Male) |
| 5:07 | Queue | Villager (Male) |
| 5:08 | Research | Loom |
| 5:19 | Build | House |
| 5:29 | Build | House |
| 5:44 | Queue | Villager (Male) |
| 5:56 | Queue | Villager (Male) |
| 6:06 | Queue | Villager (Male) |
| 6:17 | Queue | Villager (Male) |
| 6:41 | Queue | Villager (Male) |
| 6:42 | Queue | Villager (Male) |
| 6:48 | Queue | Villager (Male) |
| 6:54 | Queue | Villager (Male) |
| 7:24 | Queue | Villager (Male) |
| 7:34 | Build | House |
| 7:49 | Queue | Villager (Male) |
| 8:11 | Build | House |
| 8:51 | Build | Mill |
| 9:02 | Build | Palisade Wall |
| 9:08 | Build | Palisade Wall |
| 9:10 | Build | Palisade Wall |
| 9:14 | Build | Palisade Wall |
| 9:18 | Queue | Villager (Male) |
| 9:24 | Queue | Villager (Male) |
| 9:41 | Research | Feudal Age |
| 9:41 | Research | Feudal Age |
| 9:48 | Build | House |
| 9:50 | Build | House |
| 11:02 | Age | Feudal Age |
| 11:05 | Build | Lumber Camp |
| 11:11 | Queue | Villager (Male) |
| 11:11 | Queue | Villager (Male) |
| 11:27 | Research | Double-Bit Axe |
| 12:59 | Build | Mill |
| 13:00 | Build | Farm |
| 13:00 | Build | Farm |
| 13:00 | Build | Farm |
| 13:01 | Build | Farm |
| 13:01 | Build | Farm |
| 13:01 | Build | Farm |
| 13:02 | Build | Farm |
| 13:02 | Build | Farm |
| 13:02 | Build | Farm |
| 13:28 | Build | Farm |
| 13:28 | Build | Farm |
| 13:28 | Build | Farm |
| 13:54 | Build | Farm |
| 13:54 | Build | Farm |
| 13:54 | Build | Farm |
| 13:55 | Build | Farm |
| 13:55 | Build | Farm |
| 14:11 | Queue | Villager (Male) |
| 14:19 | Build | House |
| 16:58 | Build | Lumber Camp |
Match timeline
| 9:02 | Yukasha · wall_segment Palisade Wall x1 |
| 9:08 | Yukasha · wall_segment Palisade Wall x1 |
| 9:10 | Yukasha · wall_segment Palisade Wall x1 |
| 9:14 | Yukasha · wall_segment Palisade Wall x1 |
| 11:02 | Yukasha · age_up feudal |
| 13:34 | MztK | FeNiX · wall_segment Palisade Wall x1 |
| 13:38 | MztK | FeNiX · wall_segment Palisade Wall x1 |
| 17:09 | MztK | FeNiX · age_up feudal |
| 17:18 | Yukasha · resign |
[ AI ANALYSIS · 1 CREDIT ]
What really happened in this match?
Wolo.gg analyzes every decision: build order, eco, micro, common mistakes by bracket. Personalized analysis on WhatsApp or Discord in 30 seconds.
Civ guide
Shu
Perfil
Jugador #2326154